AoeStats
← Gesius

African Clearing

510675182Analyzed
4v4 RM · 1d ago on Oct 2, 2026· 50m 38s· 8 players
Game mode
Random Map
Map size
Large (8 player)
Population
200
Speed
Normal
Resources
Standard
Victory
Conquest
Starting age
Dark Age
Ending age
Imperial Age
RankedLock teamsTeams togetherTeam positionsShared explorationLock speedFull tech treeHidden civsTurbo modeCheats
Victory
Defeat
🇺🇸 Hindustanis · United States
1468
+15
🇧🇷 Mongols · Brazil
1462
+15
🇺🇸 Huns · United States
1443
+16
🇨🇱 Magyars · Chile
1439
+16
🇨🇳 Wei · China
1497
-17
🇲🇽 Mongols · Mexico
1489
-17
🇲🇽 Cumans · Mexico
1422
-15
🇨🇳 Goths · China
1386
-13
Gesius
12:31 Feudal Age
11:18 Loom
13:08 Feudal Age
14:18 Feudal Age
14:59 Double-Bit Axe
17:48 Castle Age
15:56 Gold Mining
15:50 Horse Collar
18:13 Fletching
18:59 Bow Saw
20:43 Bodkin Arrow
22:23 Padded Archer Armor
23:49 Bloodlines
23:42 Husbandry
25:17 Ballistics
25:17 Bloodlines
28:37 Thumb Ring
32:07 Leather Archer Armor
35:39 Imperial Age
33:50 Wheelbarrow
34:03 Heavy Plow
33:46 Light Cavalry
35:23 Hand Cart
34:56 Town Watch
36:21 Gold Shaft Mining
36:20 Bracer
37:22 Chemistry
37:51 Heavy Cavalry Archer
38:57 Parthian Tactics
41:16 Hussar
42:40 Scale Barding Armor
44:22 Conscription
43:26 Elite Tarkan
45:12 Chain Barding Armor
45:03 Forging
46:58 Two-Man Saw
46:52 Plate Barding Armor
Fs.Caboclo
5:54 Loom
14:31 Feudal Age
18:37 Castle Age
16:50 Double-Bit Axe
20:30 Bow Saw
20:44 Town Watch
23:28 Fletching
28:35 Man-at-Arms
30:17 Long Swordsman
34:42 Scale Mail Armor
38:05 Imperial Age
37:34 Chain Mail Armor
39:11 Conscription
39:09 Forging
39:00 Two-Handed Swordsman
41:18 Chemistry
41:08 Champion
42:12 Gold Mining
43:06 Wheelbarrow
44:31 Iron Casting
46:59 Blast Furnace
46:35 Heavy Camel Rider
47:15 Husbandry
47:26 Bloodlines
47:52 Scale Barding Armor
48:30 Imperial Camel Rider
49:32 Chain Barding Armor
TORA
3:46 Loom
13:05 Feudal Age
14:27 Double-Bit Axe
16:59 Castle Age
16:06 Fletching
22:51 Bodkin Arrow
27:23 Husbandry
35:22 Bow Saw
36:40 Ballistics
37:21 Padded Archer Armor
38:54 Leather Archer Armor
39:54 Bloodlines
48:36 Thumb Ring
LE FURET
7:01 Loom
12:32 Feudal Age
13:43 Double-Bit Axe
19:26 Castle Age
19:33 Gold Mining
19:42 Fletching
19:56 Padded Archer Armor
26:42 Wheelbarrow
26:30 Thumb Ring
27:59 Bodkin Arrow
28:26 Light Cavalry
29:16 Bloodlines
28:26 Light Cavalry
29:20 Bloodlines
30:51 Leather Archer Armor
35:43 Hand Cart
36:29 Horse Collar
37:45 Ballistics
39:09 Bow Saw
43:04 Imperial Age
40:45 Heavy Plow
42:23 Gold Shaft Mining
42:55 Scale Barding Armor
42:52 Corvinian Army
43:06 Stone Mining
44:36 Parthian Tactics
44:29 Recurve Bow
44:31 Heavy Cavalry Archer
45:36 Parthian Tactics
45:41 Bracer
46:40 Parthian Tactics
47:10 Ring Archer Armor
Leonidas
10:15 Loom
12:18 Feudal Age
13:38 Double-Bit Axe
17:28 Wheelbarrow
17:13 Horse Collar
23:39 Castle Age
22:58 Gold Mining
23:17 Scale Barding Armor
23:23 Forging
24:05 Bloodlines
25:32 Chain Barding Armor
31:10 Bow Saw
31:03 Heavy Plow
34:13 Hand Cart
33:49 Capped Ram
39:46 Imperial Age
41:02 Iron Casting
41:15 Plate Barding Armor
40:15 Siege Ram
41:45 Elite Steppe Lancer
45:09 Thumb Ring
44:51 Elite Skirmisher
45:49 Fletching
45:59 Padded Archer Armor
46:09 Light Cavalry
47:12 Bodkin Arrow
49:23 Leather Archer Armor
Yun
12:20 Feudal Age
11:07 Loom
16:12 Castle Age
18:08 Fletching
18:22 Double-Bit Axe
24:52 Bodkin Arrow
29:23 Gold Mining
30:25 Padded Archer Armor
31:04 Ballistics
31:32 Wheelbarrow
31:58 Bow Saw
32:32 Town Watch
33:47 Bloodlines
39:38 Imperial Age
38:08 Hand Cart
37:35 Horse Collar
39:25 Heavy Plow
40:22 Bracer
40:47 Conscription
41:20 Parthian Tactics
43:04 Chemistry
43:57 Elite Mangudai
45:46 Gold Shaft Mining
45:34 Thumb Ring
45:50 Leather Archer Armor
49:08 Husbandry
50:26 Drill
牛比无极限
3:38 Loom
14:33 Feudal Age
18:46 Castle Age
17:43 Double-Bit Axe
19:04 Wheelbarrow
22:35 Scale Barding Armor
23:38 Bloodlines
26:46 Husbandry
779215421
4:40 Loom
14:36 Feudal Age
19:04 Castle Age
17:41 Double-Bit Axe
17:47 Horse Collar
18:45 Gold Mining
25:36 Forging
25:26 Scale Mail Armor
29:07 Scale Mail Armor
29:42 Iron Casting
29:58 Man-at-Arms
30:40 Squires
31:43 Chain Mail Armor
30:53 Long Swordsman
Connection lost

Rejoining the realm…

Still unreachable

The connection could not be restored.

Session expired

The server has moved on; the page needs a fresh start.